 Dungeon Crawl Stone Soup version 0.29-a0-551-gffc1d7fb78 (webtiles) character file.

Game seed: 4941787521509120692

206 vulpzor the Poker (level 5, -8/54 HPs)
             Began as an Ogre Gladiator on June 5, 2022.
             Was an Initiate of Trog.
             Mangled by an iguana (12 damage)
             ... on level 4 of the Dungeon.
             The game lasted 00:17:37 (1394 turns).

vulpzor the Poker (Ogre Gladiator)                  Turns: 1394, Time: 00:17:38

Health: -8/54      AC:  4    Str: 20    XL:     5   Next: 84%
Magic:  5/5        EV: 10    Int:  9    God:    Trog [......]
Gold:   55         SH:  0    Dex: 10    Spells: 4/4 levels left

rFire   . . .      SeeInvis .   h - +2 short sword (elec)
rCold   . . .      Faith    .   (no shield)
rNeg    . . .      Spirit   .   b - +0 robe
rPois   .          Reflect  .   c - +1 hat
rElec   .          Harm     .   (no cloak)
rCorr   .          Rampage  .   (gloves unavailable)
Will    .....                   (boots unavailable)
Stlth   +.........              (no amulet)
HPRegen 0.18/turn               (no ring)
MPRegen 0.09/turn               (no ring)

@: no status effects
A: large, unfitting armour, tough skin 1
a: Renounce Religion


You were on level 4 of the Dungeon.
You worshipped Trog.
Trog was noncommittal.
You visited 1 branch of the dungeon, and saw 4 of its levels.

You collected 55 gold pieces.

Inventory:

Hand Weapons
 a - a +0 trident
 h - a +2 short sword of electrocution (weapon)
 s - a +2 dagger of venom
Missiles
 d - 3 throwing nets
 e - a large rock
 p - 3 poisoned darts
Armour
 b - a +0 robe (worn)
 c - a +1 hat (worn)
 t - a +0 ring mail
Magical Staves
 g - a staff of death
Wands
 v - a wand of flame (8) (quivered)
Scrolls
 i - a scroll of enchant armour
 m - a scroll of fear {unknown}
 n - a scroll of magic mapping
 q - a scroll of blinking
 r - 2 scrolls of identify
 w - a scroll of poison {unknown}
Potions
 f - 4 potions of flight
 j - a potion of ambrosia {unknown}
 k - a potion of curing
 l - a potion of lignification {unknown}
 o - a potion of cancellation {unknown}


   Skills:
 + Level 3.6 Fighting
 + Level 2.1 Short Blades
 + Level 4.1 Polearms
 + Level 2.1 Throwing
 + Level 3.7 Dodging
 + Level 0.9 Stealth


You had 4 spell levels left.
You didn't know any spells.
Your spell library contained the following spells:

 Spells                   Type           Power      Damage    Failure   Level
 Tukima's Dance           Hex            0%         N/A       77%         3
 Passage of Golubria      Tloc           0%         N/A       99%         4
 Yara's Violent Unravell  Hex/Tmut       0%         3d3       100%        5


Dungeon Overview and Level Annotations

Branches:
Dungeon (4/15)
 Temple: D:4-7

Altars:
Trog
Uskayaw


Innate Abilities, Weirdness & Mutations

You are too large for most types of armour.
You have tough skin. (AC +1)


Message History

You hit the iguana.
The iguana is moderately wounded.
The iguana bites you! The ball python completely misses you.
You hit the iguana.
The iguana is heavily wounded.
The ball python bites you. The iguana bites you!
You barely miss the iguana.
The iguana is heavily wounded.
The ball python closely misses you. The iguana barely misses you.
The ball python barely misses you.
Aiming: Throw Flame
Press: ? - help, Q - select action, (/) - cycle Shift-Dir - straight line, p - iguana The puff of flame hits the iguana.
The iguana is severely wounded.
The iguana bites you.
* * * LOW HITPOINT WARNING * * *
The ball python barely misses you.
You hit the iguana but do no damage.
The iguana is severely wounded.
The iguana barely misses you. The ball python barely misses you.
You hit the iguana.
The iguana is almost dead.
The iguana bites you!
* * * LOW HITPOINT WARNING * * *
The ball python barely misses you.
You feel better. The ball python closely misses you.
The iguana barely misses you.
You hit the iguana but do no damage.
The iguana is almost dead.
The ball python bites you but does no damage.
The iguana bites you!
* * * LOW HITPOINT WARNING * * *
The ball python bites you.
* * * LOW HITPOINT WARNING * * *
Really read the scroll of immolation?
As you read the scroll of immolation, it crumbles to dust.
The creatures around you are filled with an inner flame!
The iguana hisses menacingly.
The iguana bites you!
You die...

#. ..# .# #.# .# #.# #.#
.# #.# #.# .# #.###.#
.####..<#.##############
................@l......
.#.........###..S.......
.................?.#....
.......#...###.#.#...##.
...#..##...# #>#.##..#
.#.#..##...# [.... ....
.#.#..##...#.#...## .##)
..#....#...#.#...# ..
..#.#.##.).#


You could see an iguana (inner flame) and a ball python (inner flame).

Vanquished Creatures
  A black bear (D:4)
  Jessica (D:3)
  3 adders
  3 worms
  2 dart slugs
  2 orcs
  8 ball pythons
  4 bats
  6 endoplasms
  3 goblins
  6 hobgoblins
  A quokka (D:1)
  5 kobolds
  5 rats
50 creatures vanquished.

Notes
Turn   | Place    | Note
-------+----------+-------------------------------------------
     0 | D:1      | vulpzor the Ogre Gladiator began the quest for the Orb.
     0 | D:1      | Reached XP level 1. HP: 22/22 MP: 1/1
   198 | D:1      | Reached XP level 2. HP: 29/29 MP: 2/2
   516 | D:2      | Reached XP level 3. HP: 36/36 MP: 3/3
   643 | D:2      | Reached XP level 4. HP: 34/45 MP: 4/4
   866 | D:3      | Noticed Jessica
   876 | D:3      | Killed Jessica
   877 | D:3      | Reached skill level 1 in Short Blades
   995 | D:3      | Reached skill level 4 in Polearms
  1137 | D:3      | Found a bloodstained altar of Trog.
  1137 | D:3      | Found a hide-covered altar of Uskayaw.
  1169 | D:3      | Became a worshipper of Trog the Wrathful
  1296 | D:4      | Noticed a black bear
  1310 | D:4      | Killed a black bear
  1311 | D:4      | Reached XP level 5. HP: 37/54 MP: 5/5
  1394 | D:4      | Mangled by an iguana

Illustrated notes

Levels and vault maps discovered:
D:1:      saegor_arrival_under_anarchy, layout_basic,
          shapermc_ecumenical_altar_mp_vishouse
D:2:      layout_basic, minmay_split_cup_large
D:3:      layout_rooms, mainiacjoe_overflow_large_starburst, uniq_jessica
D:4:      layout_basic, minitemple, uniq_eustachio, uniq_sigmund,
          uniq_crazy_yiuf_cottage

Skill      XL: |  1  2  3  4 |
---------------+-------------+-----
Dodging        | 3 |  3.7
Fighting       | 3 |  3.6
Short Blades   | 2 |  2.1
Polearms       | 4 |  4.1
Throwing       | |  2.1
Stealth        | |  0.9

Action                   |  1- 3 |  4- 6 || total
-------------------------+-------+-------++-------
Melee: Trident           |     6 |       ||     6
       Short sword       |    56 |    67 ||   123
Evoke: Wand              |       |     3 ||     3
  Use: Scroll            |     7 |     2 ||     9
       Potion            |     2 |     2 ||     4
 Stab: Sleeping          |     1 |       ||     1
Armor: Robe              |    21 |    13 ||    34
Dodge: Dodged            |    31 |    42 ||    73

Table legend: (Time is in decaauts)
 A = Elapsed time spent in this place.
 B = Non-inter-level travel time spent in this place.
 C = Inter-level travel time spent in this place.
 D = Time resting spent in this place.
 E = Time spent auto-exploring this place.
 F = Levels seen in this place.
 G = Mean time per level.
                   A        B        C        D        E       F      G
               +--------+--------+--------+--------+--------+-----+--------+
         Total |   1391 |   1391 |      0 |      0 |     13 |   4 |  347.8 |
       Dungeon |   1391 |   1391 |      0 |      0 |     13 |   4 |  347.8 |
               +--------+--------+--------+--------+--------+-----+--------+

Top non-repeatable levels by time:
     D:2: 449 daAuts
     D:1: 423 daAuts
     D:3: 418 daAuts
     D:4: 100 daAuts
